 Dungeon Crawl Stone Soup version 0.30-a0-808-g6e0788376e (webtiles) character file.

Game seed: 17772849571556258963

209 cforsyth the Sneak (level 6, -4/33 (38) HPs)
             Began as a Kobold Brigand on Feb 25, 2023.
             Slain by a wight
             ... wielding a +5 war axe
              (6 damage)
             ... on level 4 of the Dungeon.
             The game lasted 00:01:56 (2478 turns).

cforsyth the Sneak (Kobold Brigand)                 Turns: 2478, Time: 00:01:57

HP:   -4/33 (38)    AC:  4    Str:  8    XL:     6   Next: 12%
MP:   6/6           EV: 17    Int: 12    God:
Gold: 107           SH:  0    Dex: 25    Spells: 5/5 levels left

rFire   . . .      SeeInvis .    a - +2 dagger
rCold   . . .      Faith    .    (no shield)
rNeg    . . .      Spirit   .    b - +0 robe
rPois   .          Reflect  .    m - +0 helmet
rElec   .          Harm     .    c - +0 cloak
rCorr   .          Rampage  .    (no gloves)
Will    .....                    (no boots)
Stlth   +++++                    (no amulet)
HPRegen 0.25/turn                q - +6 ring of dexterity
MPRegen 0.10/turn                (no ring)

@: heavily drained
A: small, no large weapons, nightstalker 3
a: no special abilities


You were on level 4 of the Dungeon.
You visited 1 branch of the dungeon, and saw 4 of its levels.

You collected 107 gold pieces.

Inventory:

Hand Weapons
 a - a +2 dagger (weapon)
Missiles
 d - 16 poisoned darts (quivered)
 e - 3 curare-tipped darts
Armour
 b - a +0 robe (worn)
 c - a +0 cloak (worn)
 m - a +0 helmet (worn)
Jewellery
 q - a +6 ring of dexterity (left hand)
Scrolls
 g - 4 scrolls of identify {unknown}
 h - a scroll of blinking {unknown}
 i - 2 scrolls of amnesia {unknown}
 k - a scroll of summoning {unknown}
 l - a scroll of fog {unknown}
 o - a scroll of fear {unknown}
Potions
 f - a potion of curing {unknown}
 j - a potion of attraction {unknown}
 n - 4 potions of degeneration {unknown}
 p - a potion of ambrosia {unknown}
 r - a potion of mutation {unknown}


   Skills:
 + Level 3.6 Fighting
 + Level 4.5 Short Blades
 - Level 2.1 Throwing
 + Level 3.3 Dodging
 + Level 6.7 Stealth


You had 5 spell levels left.
You didn't know any spells.
Your spell library was empty.

Dungeon Overview and Level Annotations

Branches:
Dungeon (4/15)
 Temple: D:4-7

Altars:

Shops:
D:2 !   D:3 [


Innate Abilities, Weirdness & Mutations

You are small and have problems with some larger weapons.
You are completely attuned to the shadows.


Message History

You barely miss the ball python. The ball python bites you.
The ball python constricts you.
You hit the ball python.
The ball python is severely wounded.
The ball python closely misses you. The ball python constricts you.
You hit the ball python.
You kill the ball python!
A wight is nearby!
A wight is nearby!
You hit the wight.
The wight is lightly damaged.
The wight hits you with a +5 war axe!
You feel drained.
You hit the wight.
The wight is moderately damaged.
The wight hits you with a +5 war axe.
You closely miss the wight.
The wight is moderately damaged.
You hit the wight but do no damage.
The wight is moderately damaged.
The wight barely misses you.
You closely miss the wight.
The wight is moderately damaged.
The wight barely misses you.
You hit the wight.
The wight is moderately damaged.
The wight closely misses you.
You hit the wight but do no damage.
The wight is moderately damaged.
The wight hits you with a +5 war axe!
You feel drained.
You are too injured to fight recklessly!
You are too injured to fight recklessly!
You are too injured to fight recklessly!
You hit the wight.
The wight is heavily damaged.
You hit the wight.
The wight is heavily damaged.
The wight hits you with a +5 war axe!
* * * LOW HITPOINT WARNING * * *
You feel drained.
You die...

#.##.#.## #.##.#.#
#.##.# # #.##†#
#.##.# ##.##.#
#...#.###### ##
#.#........####..#
#...#........@z...
##################


You could see a wight.

Vanquished Creatures
  An ogre (D:4)
  An iguana (D:4)
  Natasha (D:4)
  An adder (D:3)
  2 worms (D:3)
  A dart slug (D:1)
  5 ball pythons
  7 endoplasms
  A giant cockroach (D:4)
  6 goblins
  4 hobgoblins
  3 jackals (D:3)
  3 kobolds
  4 quokkas
  4 bats
  3 frilled lizards
  8 rats
55 creatures vanquished.

Vanquished Creatures (others)
  A plant (D:1)
1 creature vanquished.

Grand Total: 56 creatures vanquished

Notes
Turn   | Place    | Note
-------+----------+-------------------------------------------
     0 | D:1      | cforsyth the Kobold Brigand began the quest for the Orb.
     0 | D:1      | Reached XP level 1. HP: 12/12 MP: 1/1
   288 | D:1      | Reached XP level 2. HP: 18/18 MP: 2/2
   308 | D:1      | Found a faded altar of an unknown god.
   742 | D:2      | Reached XP level 3. HP: 22/22 MP: 3/3
  1067 | D:2      | Found Vorghefi's Distillery.
  1607 | D:3      | Found Ifyotyn's Armour Emporium.
  1683 | D:3      | Reached XP level 4. HP: 25/27 MP: 4/4
  1791 | D:3      | Reached skill level 6 in Stealth
  2241 | D:4      | Noticed Natasha
  2257 | D:4      | Killed Natasha
  2258 | D:4      | Reached XP level 5. HP: 19/32 MP: 5/5
  2365 | D:4      | Noticed an ogre
  2369 | D:4      | Killed an ogre
  2370 | D:4      | Reached XP level 6. HP: 37/37 MP: 6/6
  2478 | D:4      | Slain by a wight

Illustrated notes

Levels and vault maps discovered:
D:1:      tarquinn_simple_flora_water_c, layout_loops_ring,
          shapermc_ecumenical_altar_totnotflames, chequers_arboretum,
          minmay_misc_feat_x
D:2:      layout_basic, serial_shops, shop
D:3:      layout_loops_ring, serial_shops, shop, grunt_ministairs_15,
          minmay_misc_feat_ornament
D:4:      layout_loops_ring, uniq_natasha

Skill      XL: |  1  2  3  4  5 |
---------------+----------------+-----
Short Blades   | 3 4 |  4.5
Dodging        | 2 3 |  3.3
Fighting       | 3 |  3.6
Stealth        | 6 |  6.7
Throwing       | |  2.1

Action                     |  1- 3 |  4- 6 || total
---------------------------+-------+-------++-------
  Melee: Dagger            |    84 |    59 ||   143
   Stab: Sleeping          |    21 |     7 ||    28
         Distracted        |     1 |       ||     1
 Armour: Robe              |     8 |     2 ||    10
  Dodge: Dodged            |    51 |    32 ||    83

Table legend: (Time is in decaauts)
 A = Elapsed time spent in this place.
 B = Non-inter-level travel time spent in this place.
 C = Inter-level travel time spent in this place.
 D = Time resting spent in this place.
 E = Time spent auto-exploring this place.
 F = Levels seen in this place.
 G = Mean time per level.
                   A        B        C        D        E       F      G
               +--------+--------+--------+--------+--------+-----+--------+
         Total |   2453 |   2418 |     35 |      0 |   2100 |   4 |  613.2 |
       Dungeon |   2453 |   2418 |     35 |      0 |   2100 |   4 |  613.2 |
               +--------+--------+--------+--------+--------+-----+--------+

Top non-repeatable levels by time:
     D:3: 840 daAuts
     D:1: 714 daAuts
     D:2: 653 daAuts
     D:4: 244 daAuts
